 Dungeon Crawl Stone Soup version 0.30-a0-723-gc1506a1cf0 (webtiles) character file.

Game seed: 7966300165338613117

1666 pokeman the Thaumaturge (level 8, -2/42 (43) HPs)
             Began as a Deep Elf Hedge Wizard on Jan 28, 2023.
             Was an Initiate of Vehumet.
             Shot with an arrow by a centaur (12 damage)
             ... on level 6 of the Dungeon.
             The game lasted 00:16:03 (6568 turns).

pokeman the Thaumaturge (Deep Elf Hedge Wizard)     Turns: 6568, Time: 00:16:04

HP:   -2/42 (43)    AC:  3    Str:  7    XL:     8   Next: 69%
MP:   15/23         EV: 14    Int: 22    God:    Vehumet [......]
Gold: 227           SH:  0    Dex: 14    Spells: 17/25 levels left

rFire   . . .      SeeInvis .    C - +3 dire flail (drain)
rCold   . . .      Faith    .    (shield currently unavailable)
rNeg    . . .      Spirit   .    b - +0 robe
rPois   .          Reflect  .    x - +0 helmet
rElec   .          Harm     .    (no cloak)
rCorr   .          Rampage  .    (no gloves)
Will    .....                    (no boots)
Stlth   +++                      (no amulet)
HPRegen 0.27/turn                (no ring)
MPRegen 0.18/turn                (no ring)

@: very slightly contaminated, lightly drained
A: no striking features
a: Renounce Religion


You were on level 6 of the Dungeon.
You worshipped Vehumet.
Vehumet was noncommittal.
You visited 2 branches of the dungeon, and saw 7 of its levels.
You also visited: Sewer.

You collected 227 gold pieces.

Inventory:

Hand Weapons
 C - a +3 dire flail of draining (weapon)
Armour
 b - a +0 robe (worn)
 x - a +0 helmet (worn)
Wands
 c - a wand of charming (7)
Scrolls
 e - 3 scrolls of fog {unknown}
 f - 2 scrolls of immolation {unknown}
 g - 3 scrolls of amnesia {unknown}
 i - a scroll of noise {unknown}
 k - 2 scrolls of blinking {unknown}
 l - 5 scrolls of identify {unknown}
 m - 2 scrolls of magic mapping {unknown}
 o - 2 scrolls of enchant weapon {unknown}
 s - a scroll of summoning {unknown}
 u - a scroll of silence {unknown}
 y - 2 scrolls of vulnerability {unknown}
 A - a scroll of enchant armour {unknown}
 B - 2 scrolls of teleportation {unknown}
 D - a scroll of torment {unknown}
Potions
 a - 3 potions of mutation {unknown}
 d - a potion of magic
 h - 4 potions of curing {unknown}
 j - 7 potions of haste {unknown}
 n - a potion of lignification {unknown}
 p - 3 potions of heal wounds {unknown}
 q - a potion of invisibility {unknown}
 r - a potion of ambrosia {unknown}
 t - a potion of degeneration {unknown}
 v - 2 potions of flight {unknown}
 w - a potion of might {unknown}
 z - a potion of berserk rage {unknown}


   Skills:
 - Level 1.1 Fighting
 - Level 1.0 Armour
 - Level 5.0 Dodging
 - Level 5.0 Stealth
 * Level 9.3 Spellcasting
 + Level 7.3 Conjurations
 - Level 1.1 Summonings
 - Level 1.1 Translocations
 - Level 1.0 Air Magic
 + Level 1.0 Poison Magic
 - Level 2.0 Evocations


You had 17 spell levels left.
You knew the following spells:

 Your Spells              Type           Power      Damage    Failure   Level
a - Magic Dart            Conj           100%       1d8       1%          1
b - Mephitic Cloud        Conj/Pois/Air  24%        N/A       5%          3
c - Call Imp              Summ           15%        N/A       6%          2
d - Blink                 Tloc           30%        N/A       6%          2

Your spell library contained the following spells:

 Spells                   Type           Power      Damage    Failure   Level
 Hailstorm                Conj/Ice       26%        3d7       4%          3
 Freeze                   Ice            40%        1d6       6%          1
 Slow                     Hex            40%        N/A       6%          1
 Poisonous Vapours        Pois/Air       28%        N/A       6%          2
 Cigotuvi's Dreadful Rot  Necr/Pois/Air  26%        N/A       8%          2
 Portal Projectile        Hex/Tloc       24%        N/A       16%         3
 Frozen Ramparts          Ice            20%        1d4       19%         3
 Tukima's Dance           Hex            10%        N/A       19%         3
 Blade Hands              Tmut           5%         N/A       87%         5


Dungeon Overview and Level Annotations

Branches:
Dungeon (6/15)             Temple (1/1) D:5           Sewer (visited)

Altars:
Ashenzari
Cheibriados
Dithmenos
Elyvilon
Fedhas
Gozag
Hepliaklqana
Kikubaaqudgha
Makhleb
Nemelex Xobeh
Okawaru
Qazlal
Ru
Sif Muna
Uskayaw
Vehumet
Wu Jian
Xom
Yredelemnul
Zin
The Shining One

Shops:
D:1 *

Annotations:
D:3 2 runed translucent doors, Bediveer's ghost, amateur DsFi
D:6 1 runed translucent door, retardedninja's ghost, novice HOFi


Message History

Press: ? - help, Shift-Dir - straight line, f - black bear
Aim: a black bear (chance to affect: 72%)
The ball explodes into a vile cloud!
The stinking cloud engulfs the black bear but does no damage.
The black bear is engulfed in noxious fumes.
The black bear is engulfed in noxious fumes.
The black bear closely misses you.
The black bear claws you but does no damage.
The black bear closely misses you.
Casting: Mephitic Cloud (dangerous; 5% risk of failure)
Confirm with . or Enter, or press ? or * to list all spells.
A shadowy apparition takes form in the air.
The black bear is engulfed in noxious fumes.
The black bear misses you.
The black bear claws you but does no damage.
The black bear claws you.
The wight hits you from afar with a +4 trident.
* * * LOW HITPOINT WARNING * * *
You feel drained.
The centaur wields a +0 shortbow.
The centaur shoots an arrow.
The arrow hits your shadow imp!
The black bear is engulfed in noxious fumes.
The black bear appears confused.
Casting: Call Imp (safe; 6% risk of failure)
Confirm with . or Enter, or press ? or * to list all spells.
Aiming: Mephitic Cloud (dangerous; 5% risk of failure)
Press: ? - help, Shift-Dir - straight line, f/p - black bear
Aim: a black bear (confused, ally target, chance to affect: 72%)
Okay, then.
Unknown command.
The centaur shoots an arrow.
The arrow misses you.
Casting: Mephitic Cloud (dangerous; 5% risk of failure)
Confirm with . or Enter, or press ? or * to list all spells.
Aiming: Mephitic Cloud (dangerous; 5% risk of failure)
Press: ? - help, Shift-Dir - straight line, f - centaur, p - black bear
Aim: a centaur, wielding a +0 shortbow (moderately wounded, chance to affect: 81%)
You miscast Mephitic Cloud.
You are very lightly contaminated with residual magic.
Nothing appears to happen.
The centaur shoots an arrow.
The arrow hits you!
You die...

#######.#....# #..†#...#..
~?SWFS+.###..# #.#.......z
#######.###.z# #...#...###
##.......# ##.####.#
#####...# #.# # .. #.c.#
#.######## #.c.# #g.......#
#.####...###### #..####...
#.........@.z.####..####...
..............†gz.#.........
##........○..5h##z......#...
...####...#########!....#...
.. #...# #........# # #...#
#####.#### ###...## #.#
#......# #.# ########.##.#.#
...


You could see a black bear (confused, ally target), a centaur, 3 wights, a gnoll
and a friendly shadow imp (summoned).

Vanquished Creatures
  Grinder (D:4)
  Sigmund (D:4)
  Pargi (Sewer)
  An ogre (D:6)
  A centaur (D:5)
  A gnoll sergeant (D:5)
  2 scorpions
  6 jellies
  4 hounds
  A gnoll bouda (D:4)
  Jessica (D:2)
  2 iguanas (D:5)
  Robin (D:3)
  6 adders
  9 gnolls
  2 ufetubi
  A worm (D:3)
  3 dart slugs
  7 orcs
  8 ball pythons
  11 endoplasms
  14 goblins
  11 hobgoblins
  6 jackals
  A quokka (D:1)
  8 bats
  6 frilled lizards
  11 kobolds
  11 rats
138 creatures vanquished.

Vanquished Creatures (collateral kills)
  Edmund (D:4)
  An orc priest (D:5)
  A gnoll (D:3)
  A river rat (D:3)
  A worm (D:2)
  An orc (D:5)
  4 endoplasms (D:3)
  A giant cockroach (D:3)
11 creatures vanquished.

Vanquished Creatures (others)
  2 water moccasins (D:6)
  A fungus (D:3)
  8 toadstools (D:3)
11 creatures vanquished.

Grand Total: 160 creatures vanquished

Notes
Turn   | Place    | Note
-------+----------+-------------------------------------------
     0 | D:1      | pokeman the Deep Elf Hedge Wizard began the quest for the
                  | Orb.
     0 | D:1      | Reached XP level 1. HP: 10/10 MP: 7/7
    44 | D:1      | Found Onleumu's Assorted Antiques.
   227 | D:1      | Reached XP level 2. HP: 16/16 MP: 7/9
  1023 | D:1      | Reached skill level 5 in Spellcasting
  1352 | D:2      | Reached XP level 3. HP: 20/20 MP: 5/11
  1362 | D:2      | Learned a level 3 spell: Mephitic Cloud
  1365 | D:2      | Learned a level 2 spell: Call Imp
  1368 | D:2      | Learned a level 2 spell: Blink
  1599 | D:2      | Found a faded altar of an unknown god.
  1662 | D:2      | Reached skill level 1 in Armour
  1677 | D:2      | Noticed Jessica
  1682 | D:2      | Killed Jessica
  1683 | D:2      | Reached skill level 1 in Fighting
  1683 | D:2      | Reached XP level 4. HP: 25/25 MP: 6/13
  2122 | D:3      | Found a runed translucent door.
  2122 | D:3      | Noticed Bediveer's ghost (amateur DsFi)
  2284 | D:3      | Found a glowing drain.
  2299 | D:3      | Reached skill level 6 in Spellcasting
  2304 | D:3      | Reached XP level 5. HP: 29/29 MP: 3/15
  2365 | Sewer    | Entered a sewer
  2468 | Sewer    | Noticed Pargi
  2489 | Sewer    | Killed Pargi
  2668 | D:3      | Found a runed translucent door.
  3035 | D:3      | Reached XP level 6. HP: 26/34 MP: 4/17
  3261 | D:3      | Reached skill level 7 in Spellcasting
  3623 | D:4      | Noticed Robin
  3638 | D:3      | Killed Robin
  3830 | D:4      | Noticed Sigmund
  3845 | D:4      | Killed Sigmund
  3846 | D:4      | Reached XP level 7. HP: 38/38 MP: 17/19
  3858 | D:4      | Found an opulent altar of Gozag.
  3859 | D:4      | Found a sparkling altar of Nemelex Xobeh.
  3860 | D:4      | Found a snail-covered altar of Cheibriados.
  3871 | D:4      | Found an ancient bone altar of Kikubaaqudgha.
  3874 | D:4      | Found a shimmering altar of Xom.
  3876 | D:4      | Found an iron altar of Okawaru.
  3879 | D:4      | Found a blossoming altar of Fedhas.
  3882 | D:4      | Found a glowing silver altar of Zin.
  3934 | D:4      | Noticed Grinder
  3935 | D:4      | Paralysed by Grinder for 4 turns
  3962 | D:4      | Killed Grinder
  4338 | D:4      | Found a hazy altar of Hepliaklqana.
  4347 | D:4      | Noticed Edmund
  4419 | D:4      | Killed Edmund
  4627 | D:4      | Reached XP level 8. HP: 43/43 MP: 16/21
  4714 | D:5      | Entered Level 5 of the Dungeon
  4817 | D:5      | Found a staircase to the Ecumenical Temple.
  4823 | Temple   | Entered the Ecumenical Temple
  4853 | Temple   | Became a worshipper of Vehumet
  5068 | D:5      | Reached skill level 8 in Spellcasting
  5148 | D:5      | Reached skill level 5 in Stealth
  5449 | D:5      | Reached skill level 5 in Dodging
  5640 | D:5      | Reached skill level 1 in Evocations
  6067 | D:5      | Reached skill level 9 in Spellcasting
  6067 | D:5      | Reached skill level 1 in Air Magic
  6463 | D:6      | Found a runed translucent door.
  6465 | D:6      | Noticed retardedninja's ghost (novice HOFi)
  6502 | D:6      | HP: 2/43 [poisoned by a water moccasin]
  6538 | D:6      | Reached skill level 1 in Poison Magic
  6568 | D:6      | Shot with an arrow by a centaur

Illustrated notes

Levels and vault maps discovered:
D:1:      roderic_crossed_star, layout_basic, serial_shops, shop
D:2:      layout_rooms, hellmonk_ecumenical_altar_run_dry, uniq_jessica
D:3:      cheibrodos_fertilizer, layout_basic, ebering_ghost_sewer_f,
          portal_sewer_entry_a, kennysheep_flooded_box
D:4:      layout_rooms, nicolae_overflow_hallway_of_the_gods,
          lemuel_doored_altar, uniq_sigmund, uniq_grinder, uniq_edmund,
          uniq_robin
D:5:      layout_basic, minmay_temple_entry_enclosed_plants,
          hangedman_abyss_or_decor_stagger
D:6:      layout_loops_cross, ebering_ghost_sewer_d
Temple:   chequers_temple_sunken

Skill      XL: |  1  2  3  4  5  6  7  8 |
---------------+-------------------------+-----
Spellcasting   | 5 6 7 9 |  9.3
Armour         | 1 |  1.0
Fighting       | 1 |  1.1
Conjurations   | 2 3 4 6 7 |  7.3
Dodging        | 3 4 5 |  5.0
Stealth        | 3 4 5 |  5.0
Evocations     | 2 |  2.0
Air Magic      | 1 |  1.0
Poison Magic   | 1 |  1.0
Summonings     | |  1.1
Translocations | |  1.1

Action                     |  1- 3 |  4- 6 |  7- 9 || total
---------------------------+-------+-------+-------++-------
  Melee: Dagger            |    13 |     6 |       ||    19
         Spear             |       |    51 |    70 ||   121
         Dire flail        |       |       |    45 ||    45
   Cast: Magic Dart        |    81 |   130 |    87 ||   298
         Mephitic Cloud    |       |     7 |    24 ||    31
         Call Imp          |       |     4 |    13 ||    17
         Blink             |       |       |     1 ||     1
  Evoke: Wand              |       |       |     3 ||     3
   Stab: Confused          |       |     8 |    18 ||    26
         Sleeping          |       |     1 |     1 ||     2
 Armour: Robe              |     6 |    10 |     8 ||    24
  Dodge: Dodged            |    17 |    74 |    62 ||   153

Table legend: (Time is in decaauts)
 A = Elapsed time spent in this place.
 B = Non-inter-level travel time spent in this place.
 C = Inter-level travel time spent in this place.
 D = Time resting spent in this place.
 E = Time spent auto-exploring this place.
 F = Levels seen in this place.
 G = Mean time per level.
                   A        B        C        D        E       F      G
               +--------+--------+--------+--------+--------+-----+--------+
         Total |   6683 |   6530 |    153 |    358 |   4932 |   8 |  835.4 |
       Dungeon |   6107 |   6011 |     96 |    297 |   4561 |   6 | 1017.8 |
        Temple |    272 |    215 |     57 |      0 |    200 |   1 |  272.0 |
         Sewer |    304 |    304 |      0 |     61 |    170 |   1 |  304.0 |
               +--------+--------+--------+--------+--------+-----+--------+

Top non-repeatable levels by time:
     D:3: 1349 daAuts
     D:5: 1337 daAuts
     D:1: 1291 daAuts
     D:4: 996 daAuts
     D:2: 820 daAuts
     D:6: 311 daAuts
   Sewer: 304 daAuts
  Temple: 272 daAuts
